AoeStats
← Faruk4999

Arena

509505989Analyzed
4v4 RM · 6d ago on Sep 27, 2026· 61m 40s· 8 players
Game mode
Random Map
Map size
Large (8 player)
Population
200
Speed
Normal
Resources
Standard
Victory
Conquest
Starting age
Dark Age
Ending age
Imperial Age
RankedLock teamsTeams togetherTeam positionsShared explorationLock speedFull tech treeHidden civsTurbo modeCheats
Victory
Defeat
🇲🇽 Bohemians · Mexico
994
+12
🇲🇽 Japanese · Mexico
991
+12
🇵🇪 Khitans · Peru
935
+15
🇬🇹 Varangians · Guatemala
932
+15
🇺🇸 Saracens · United States
1076
-19
🇺🇸 Goths · United States
965
-16
🇺🇸 Franks · United States
803
-10
🇺🇸 Poles · United States
790
-9
Khan Mofeta
1:48 Loom
12:29 Feudal Age
16:57 Castle Age
15:20 Double-Bit Axe
15:20 Horse Collar
32:53 Scale Mail Armor
33:03 Forging
36:47 Imperial Age
36:28 Wheelbarrow
35:26 Pikeman
36:07 Squires
35:52 Arson
37:46 Chemistry
38:15 Chain Mail Armor
38:35 Iron Casting
40:20 Halberdier
42:12 Hand Cart
42:57 Plate Mail Armor
43:28 Blast Furnace
45:40 Ballistics
46:11 Heavy Scorpion
47:59 Bow Saw
48:18 Caravan
Muerto de Hambre
10:25 Feudal Age
15:28 Castle Age
14:56 Horse Collar
15:05 Double-Bit Axe
15:50 Loom
16:39 Bow Saw
19:19 Fervor
20:57 Pikeman
22:11 Squires
24:01 Heavy Plow
26:47 Fletching
27:27 Forging
27:19 Gambesons
28:35 Gambesons
29:54 Wheelbarrow
33:21 Imperial Age
31:11 Scale Mail Armor
32:55 Iron Casting
32:36 Chain Mail Armor
32:27 Scale Barding Armor
32:16 Arson
33:13 Hand Cart
34:02 Gold Mining
34:20 Stone Mining
35:37 Blast Furnace
35:01 Conscription
35:45 Halberdier
35:47 Elite Varangian Guard
37:18 Husbandry
37:32 Bloodlines
38:45 Elite Jarl
38:47 Vendel Legacy
41:12 Chain Barding Armor
40:47 Bodkin Arrow
41:23 Plate Mail Armor
41:37 Gothikon
44:17 Bracer
44:52 Plate Barding Armor
44:20 Bracer
48:19 Padded Archer Armor
61:20 Siege Engineers
61:35 Ballistics
62:16 Chemistry
Faruk4999
11:28 Feudal Age
14:00 Double-Bit Axe
16:40 Castle Age
14:33 Horse Collar
19:06 Bow Saw
23:31 Heavy Plow
25:41 Forging
25:38 Gold Mining
25:38 Stone Mining
31:33 Imperial Age
28:50 Loom
29:34 Ballistics
29:26 Masonry
30:23 Wheelbarrow
29:33 Town Watch
31:10 Gold Shaft Mining
30:27 Stone Mining
31:17 Iron Casting
30:42 Scale Mail Armor
30:38 Fletching
32:47 Conscription
32:54 Elite Samurai
35:00 Two-Man Saw
35:09 Blast Furnace
34:24 Chain Mail Armor
33:42 Elite Skirmisher
34:55 Murder Holes
36:04 Chemistry
34:46 Treadmill Crane
35:05 Murder Holes
36:41 Bodkin Arrow
36:46 Padded Archer Armor
37:02 Chain Mail Armor
37:24 Thumb Ring
39:22 Capped Ram
42:23 Bracer
42:38 Leather Archer Armor
49:04 Caravan
49:30 Squires
48:51 Pikeman
50:52 Plate Mail Armor
50:53 Ring Archer Armor
51:15 Fortified Wall
54:41 Hand Cart
54:26 Town Patrol
54:48 Siege Engineers
Yggdrasil
1:08 Loom
10:08 Feudal Age
13:07 Double-Bit Axe
16:05 Wheelbarrow
18:15 Castle Age
17:16 Forging
18:29 Domestication
20:22 Pastoralism
20:36 Bow Saw
22:22 Gold Mining
24:01 Town Watch
24:38 Husbandry
24:47 Scale Barding Armor
26:12 Hand Cart
27:12 Town Patrol
28:23 Iron Casting
27:50 Stone Mining
28:46 Chain Barding Armor
28:43 Treadmill Crane
30:23 Fortified Wall
30:10 Fletching
32:10 Ballistics
32:03 Bodkin Arrow
33:03 Stone Shaft Mining
35:16 Imperial Age
33:46 Masonry
33:55 Heavy Cavalry Archer
36:23 Conscription
36:10 Ordo Cavalry
36:50 Parthian Tactics
36:30 Thumb Ring
37:23 Elite Steppe Lancer
39:24 Transhumance
39:58 Two-Man Saw
39:52 Bracer
40:28 Plate Barding Armor
40:23 Gambesons
40:46 Lamellar Armor
41:52 Chemistry
41:00 Siege Engineers
46:33 Heavy Rocket Cart
49:45 Heavy Camel Rider
51:34 Caravan
54:28 Guilds
53:56 Light Cavalry
58:56 Hussar
crypt0x
10:42 Feudal Age
12:14 Double-Bit Axe
12:28 Horse Collar
14:59 Castle Age
16:27 Fletching
24:05 Scale Barding Armor
25:32 Chain Barding Armor
25:59 Loom
27:51 Forging
32:44 Imperial Age
30:02 Town Watch
30:31 Arson
31:21 Bodkin Arrow
32:19 Iron Casting
34:03 Conscription
34:22 Plate Barding Armor
35:06 Elite Mameluke
37:04 Blast Furnace
37:45 Redemption
39:09 Heavy Camel Rider
40:00 Bloodlines
39:51 Husbandry
41:54 Siege Engineers
42:12 Ballistics
46:11 Wheelbarrow
46:59 Light Cavalry
50:15 Hussar
50:53 Elite Skirmisher
51:39 Thumb Ring
56:18 Chemistry
55:43 Padded Archer Armor
57:42 Fortified Wall
Aezaq
10:52 Feudal Age
9:39 Loom
16:37 Castle Age
15:21 Double-Bit Axe
15:18 Horse Collar
25:01 Szlachta Privileges
25:37 Wheelbarrow
26:15 Husbandry
26:27 Bloodlines
27:12 Gold Mining
28:53 Heavy Plow
29:25 Scale Barding Armor
30:16 Hand Cart
31:03 Bow Saw
31:36 Forging
33:48 Stone Mining
38:22 Imperial Age
35:40 Town Watch
36:40 Stone Shaft Mining
40:18 Cavalier
41:03 Scale Mail Armor
40:59 Pikeman
41:40 Squires
41:27 Arson
44:34 Crop Rotation
45:02 Iron Casting
48:16 Chain Barding Armor
61:09 Conscription
B3Guy
7:35 Loom
11:56 Feudal Age
15:35 Castle Age
13:33 Double-Bit Axe
15:50 Wheelbarrow
16:38 Bow Saw
21:00 Gold Mining
21:00 Stone Mining
21:00 Gold Mining
21:00 Stone Mining
21:33 Stone Mining
23:22 Hand Cart
22:54 Town Watch
24:25 Gold Shaft Mining
25:48 Town Patrol
26:41 Scale Barding Armor
26:46 Forging
31:41 Imperial Age
31:40 Iron Casting
31:26 Chain Barding Armor
33:23 Hoardings
32:51 Murder Holes
32:42 Treadmill Crane
33:03 Murder Holes
33:26 Masonry
37:13 Conscription
36:56 Chivalry
37:05 Husbandry
36:26 Cavalier
37:41 Architecture
37:37 Ballistics
38:23 Chemistry
37:40 Fortified Wall
37:23 Guard Tower
40:38 Paladin
43:42 Blast Furnace
43:18 Plate Barding Armor
53:53 Light Cavalry
FluxLithium
11:17 Feudal Age
12:28 Double-Bit Axe
14:55 Castle Age
12:42 Horse Collar
13:30 Loom
15:57 Bow Saw
22:02 Heavy Plow
23:02 Wheelbarrow
22:15 Town Watch
24:31 Forging
24:21 Scale Mail Armor
24:12 Fletching
25:28 Hand Cart
25:13 Town Patrol
26:05 Gold Mining
27:40 Iron Casting
27:20 Chain Mail Armor
27:03 Bodkin Arrow
28:16 Stone Mining
31:31 Imperial Age
29:36 Anarchy
29:28 Man-at-Arms
29:29 Pikeman
30:09 Squires
30:12 Padded Archer Armor
30:34 Long Swordsman
32:34 Conscription
32:15 Perfusion
33:18 Blast Furnace
31:46 Two-Handed Swordsman
32:42 Guilds
31:54 Halberdier
32:33 Champion
34:28 Stone Shaft Mining
36:07 Elite Huskarl
38:33 Bracer
38:48 Leather Archer Armor
45:07 Ring Archer Armor
55:04 Coinage
57:17 Two-Man Saw
60:27 Caravan
60:58 Banking
Connection lost

Rejoining the realm…

Still unreachable

The connection could not be restored.

Session expired

The server has moved on; the page needs a fresh start.